 Dungeon Crawl Stone Soup version 0.21-a0-538-gd16b88a (webtiles) character file.

584 teukkam the Grasshopper (level 7, -8/56 HPs)
             Began as a Gnoll Wanderer on Dec 15, 2017.
             Mangled by an ice beast (10 damage)
             ... on level 6 of the Dungeon.
             The game lasted 00:16:55 (4563 turns).

teukkam the Grasshopper (Gnoll Wanderer)            Turns: 4563, Time: 00:16:57

Health: -8/56      AC:  4    Str: 14    XL:     7   Next: 37%
Magic:  15/15      EV: 12    Int: 19    God:
Gold:   148        SH:  0    Dex: 16    Spells: 11/17 levels left

rFire    . . .     SeeInvis .   a - +0 dagger (venom)
rCold    . . .     Gourm    .   (no shield)
rNeg     . . .     Faith    .   u - +1 leather armour
rPois    +         Spirit   .   (no helmet)
rElec    .         Reflect  .   (no cloak)
rCorr    .         Harm     .   (no gloves)
MR       .....                  (no boots)
Stlth    ++........             (no amulet)
HPRegen  0.18/turn              v - +4 ring of dexterity
MPRegen  0.14/turn              o - ring of poison resistance

@: no status effects
A: distributed training, fangs 1, strong nose
a: no special abilities


You were on level 6 of the Dungeon.
You were not hungry.

You visited 1 branch of the dungeon, and saw 7 of its levels.

You collected 148 gold pieces.

Inventory:

Hand Weapons
 a - a +0 dagger of venom (weapon)
 e - a +0 club
 h - a +0 hunting sling
Missiles
 s - 10 poisoned needles
 w - 3 tomahawks (quivered)
 x - 7 needles of confusion
Armour
 u - a +1 leather armour (worn)
Jewellery
 d - an uncursed ring of fire
 k - an uncursed ring of flight
 o - a ring of poison resistance (right hand)
 q - an uncursed ring of see invisible
 v - a +4 ring of dexterity (left hand)
Scrolls
 b - a scroll of teleportation
 g - 2 scrolls of identify
 l - a scroll of enchant armour
 n - 2 scrolls of random uselessness
 r - 2 scrolls of amnesia {unknown}
 t - a scroll of magic mapping {unknown}
 y - a scroll of fear {unknown}
Potions
 p - 2 potions of curing
Books
 c - the Collected Works on the Voyage

   Spells                             Type                      Level
   a - Apportation                    Translocation                1
   b - Lesser Beckoning               Translocation                3
 m - a book of Minor Magic

   Spells                             Type                      Level
   a - Magic Dart                     Conjuration                  1
   b - Blink                          Translocation                2
   c - Call Imp                       Summoning                    2
   d - Slow                           Hexes                        2
   e - Conjure Flame                  Conjuration/Fire             3
   f - Mephitic Cloud                 Conjuration/Poison/Air       3
Comestibles
 f - 4 bread rations
 i - a meat ration


   Skills:
 + Level 5.2 Fighting
 + Level 2.4 Short Blades
 + Level 2.4 Long Blades
 + Level 2.4 Axes
 + Level 2.4 Maces & Flails
 + Level 3.5 Polearms
 + Level 2.4 Staves
 + Level 2.4 Slings
 + Level 2.4 Bows
 + Level 2.4 Crossbows
 + Level 5.2 Throwing
 + Level 2.4 Armour
 + Level 2.4 Dodging
 + Level 2.4 Stealth
 + Level 2.4 Shields
 + Level 2.4 Unarmed Combat
 + Level 5.6 Spellcasting
 + Level 2.0 Conjurations
 + Level 2.0 Hexes
 + Level 2.0 Charms
 + Level 2.0 Summonings
 + Level 2.0 Necromancy
 + Level 5.8 Translocations
 + Level 2.0 Transmutations
 + Level 2.0 Fire Magic
 + Level 2.0 Ice Magic
 + Level 2.0 Air Magic
 + Level 2.0 Earth Magic
 + Level 2.0 Poison Magic
 + Level 2.6 Invocations
 + Level 2.4 Evocations


You had 11 spell levels left.
You knew the following spells:

 Your Spells              Type           Power        Failure   Level  Hunger
a - Magic Dart            Conj           ##..         6%          1    None
b - Blink                 Tloc           N/A          1%          2    None
c - Lesser Beckoning      Tloc           ####......   3%          3    ##.....


Dungeon Overview and Level Annotations

Branches:
Dungeon (7/15)
 Temple: D:4-7

Altars:

Annotations:
D:3 teukkam's ghost, weakling GnWn


Innate Abilities, Weirdness & Mutations

Your experience applies equally to all skills.
You have very sharp teeth.
Your uncanny sense of smell can sniff out nearby items.


Message History

The ice beast is lightly wounded.
The ice beast hits you. The ice beast freezes you!
* * * LOW HITPOINT WARNING * * *
You hit the ice beast but do no damage.
The ice beast is poisoned.
The ice beast is lightly wounded.
The ice beast hits you.
* * * LOW HITPOINT WARNING * * *
The ice beast freezes you.
* * * LOW HITPOINT WARNING * * *
A bullfrog comes into view.
The ice beast looks more healthy.
You hit the ice beast.
The ice beast is heavily wounded.
The ice beast misses you.
You hit the ice beast.
The ice beast is heavily wounded.
The ice beast hits you.
* * * LOW HITPOINT WARNING * * *
The ice beast freezes you!
You die...

.............# #.
............# #.
#.........### #.
#..........####.
#..............
#.........##... .
##..............
....#####..##.........#.
.......@Y...........####
....######..........# #
. #..#........###
#...#.....##....
.....##...#####..
.....#....# ##. ...
###.. ...# ..#..


You could see an ice beast.

Vanquished Creatures
  A centaur (D:5)
  2 bullfrogs (D:6)
  2 hounds (D:6)
  2 jellies
  3 orc wizards (D:5)
  A worker ant (D:4)
  A hound skeleton (D:5)
  6 adders
  An ooze (D:1)
  An adder zombie (D:5)
  2 worms (D:3)
  5 leopard geckos
  9 orcs
  5 giant cockroaches
  3 goblins
  3 hobgoblins
  8 jackals
  3 quokkas
  4 bats
  2 frilled lizards
  A jackal skeleton (D:5)
  A kobold (D:3)
  3 rats
69 creatures vanquished.

Notes
Turn   | Place    | Note
-------+----------+-------------------------------------------
     0 | D:1      | teukkam the Gnoll Wanderer began the quest for the Orb.
     0 | D:1      | teukkam set off with: a book of Minor Magic, a scroll of teleportation, the Collected Works on the Voyage, a +0 robe, a +0 club, a bread ration
     0 | D:1      | Reached XP level 1. HP: 20/20 MP: 6/6
    11 | D:1      | Identified the Collected Works on the Voyage
   591 | D:1      | Reached XP level 2. HP: 18/26 MP: 7/7
   598 | D:1      | Learned a level 1 spell: Magic Dart
   627 | D:1      | Learned a level 2 spell: Blink
  1536 | D:2      | Reached XP level 3. HP: 26/31 MP: 9/9
  1541 | D:2      | Learned a level 3 spell: Lesser Beckoning
  1690 | D:3      | Reached skill level 5 in Spellcasting
  1852 | D:3      | Reached skill level 1 in Invocations
  1929 | D:3      | Noticed teukkam's ghost (weakling GnWn)
  2105 | D:3      | Reached skill level 1 in Short Blades
  2105 | D:3      | Reached skill level 1 in Long Blades
  2105 | D:3      | Reached skill level 1 in Axes
  2105 | D:3      | Reached skill level 1 in Maces & Flails
  2105 | D:3      | Reached skill level 1 in Staves
  2105 | D:3      | Reached skill level 1 in Slings
  2105 | D:3      | Reached skill level 1 in Bows
  2105 | D:3      | Reached skill level 1 in Crossbows
  2105 | D:3      | Reached skill level 1 in Armour
  2105 | D:3      | Reached skill level 1 in Dodging
  2105 | D:3      | Reached skill level 1 in Stealth
  2105 | D:3      | Reached skill level 1 in Shields
  2105 | D:3      | Reached skill level 1 in Unarmed Combat
  2105 | D:3      | Reached skill level 1 in Evocations
  2105 | D:3      | Reached XP level 4. HP: 13/38 MP: 9/11
  2734 | D:4      | Reached skill level 1 in Conjurations
  2734 | D:4      | Reached skill level 1 in Hexes
  2734 | D:4      | Reached skill level 1 in Charms
  2734 | D:4      | Reached skill level 1 in Summonings
  2734 | D:4      | Reached skill level 1 in Necromancy
  2734 | D:4      | Reached skill level 1 in Transmutations
  2734 | D:4      | Reached skill level 1 in Fire Magic
  2734 | D:4      | Reached skill level 1 in Ice Magic
  2734 | D:4      | Reached skill level 1 in Air Magic
  2734 | D:4      | Reached skill level 1 in Earth Magic
  2734 | D:4      | Reached skill level 1 in Poison Magic
  2998 | D:5      | Entered Level 5 of the Dungeon
  3077 | D:5      | Reached XP level 5. HP: 29/43 MP: 12/12
  3305 | D:5      | Noticed a centaur
  3521 | D:5      | Killed a centaur
  3521 | D:5      | Reached XP level 6. HP: 26/50 MP: 13/13
  3721 | D:5      | Reached skill level 5 in Fighting
  3721 | D:5      | Reached skill level 5 in Throwing
  4044 | D:5      | Noticed a phantom
  4073 | D:6      | Noticed an ice beast
  4156 | D:6      | Reached XP level 7. HP: 24/56 MP: 9/15
  4502 | D:7      | Noticed a hippogriff
  4545 | D:6      | HP: 1/56 [ice beast (5)]
  4563 | D:6      | HP: 2/56 [ice beast (2)]
  4563 | D:6      | Mangled by an ice beast

Vault maps used:
D:1:      nzn_arrival_settlement
D:4:      minmay_temple_entry_glassed_door, first_bread, uniq_blork_the_orc,
          uniq_robin
D:5:      st_stairs_7, lemuel_blue_sif_altar
D:6:      hangedman_decor_slide_cut, kennysheep_nondescript, uniq_menkaure,
          uniq_grinder
D:7:      lemuel_crystal_altar

Skill      XL: |  1  2  3  4  5  6  7 |
---------------+----------------------+-----
Spellcasting   | 5 |  5.6
Invocations    | 1 2 |  2.6
Short Blades   | 1 2 |  2.4
Long Blades    | 1 2 |  2.4
Axes           | 1 2 |  2.4
Maces & Flails | 1 2 |  2.4
Staves         | 1 2 |  2.4
Slings         | 1 2 |  2.4
Bows           | 1 2 |  2.4
Crossbows      | 1 2 |  2.4
Armour         | 1 2 |  2.4
Dodging        | 1 2 |  2.4
Stealth        | 1 2 |  2.4
Shields        | 1 2 |  2.4
Unarmed Combat | 1 2 |  2.4
Evocations     | 1 2 |  2.4
Conjurations   | 1 2 |  2.0
Hexes          | 1 2 |  2.0
Charms         | 1 2 |  2.0
Summonings     | 1 2 |  2.0
Necromancy     | 1 2 |  2.0
Transmutations | 1 2 |  2.0
Fire Magic     | 1 2 |  2.0
Ice Magic      | 1 2 |  2.0
Air Magic      | 1 2 |  2.0
Earth Magic    | 1 2 |  2.0
Poison Magic   | 1 2 |  2.0
Polearms       | 3 |  3.5
Fighting       | 5 |  5.2
Throwing       | 5 |  5.2
Translocations | |  5.8

Action                   |  1- 3 |  4- 6 |  7- 9 || total
-------------------------+-------+-------+-------++-------
Melee: Club              |    50 |       |       ||    50
       Bite              |    11 |    18 |     9 ||    38
       Dagger            |    68 |   141 |    30 ||   239
       Punch             |       |     2 |       ||     2
Throw: Tomahawk          |       |     1 |     4 ||     5
 Cast: Magic Dart        |    20 |     7 |       ||    27
       Blink             |     5 |     3 |       ||     8
       Lesser Beckoning  |       |     1 |       ||     1
  Use: Scroll            |       |     3 |     4 ||     7
       Potion            |       |     1 |       ||     1
 Stab: Sleeping          |       |     3 |       ||     3
  Eat: Chunk             |     3 |     2 |       ||     5
       Royal jelly       |     1 |       |       ||     1
       Meat ration       |       |     1 |       ||     1
Armor: Robe              |    22 |       |       ||    22
       Leather armour    |     9 |    33 |     3 ||    45
Dodge: Dodged            |    97 |    73 |    23 ||   193

Table legend:
 A = Spawn XP
 B = Non-spawn XP
 C = Spawn XP percentage of total XP
 D = Spawn monster count
 E = Non-spawn monster count
 F = Spawn count percentage of total count
 G = Total turns spent on level
                    A         B        C        D         E        F      G
               +---------+---------+-------+---------+---------+-------+---------
         Total |       0 |     835 |   0.0 |       0 |      69 |   0.0 |  4563
               +---------+---------+-------+---------+---------+-------+---------
           D:1 |       0 |      27 |   0.0 |       0 |      12 |   0.0 |  1025
           D:2 |       0 |      10 |   0.0 |       0 |       5 |   0.0 |   837
           D:3 |       0 |      71 |   0.0 |       0 |      24 |   0.0 |   821
           D:4 |       0 |      51 |   0.0 |       0 |       4 |   0.0 |   315
           D:5 |       0 |     337 |   0.0 |       0 |      16 |   0.0 |  1063
           D:6 |       0 |     339 |   0.0 |       0 |       8 |   0.0 |   500
               +---------+---------+-------+---------+---------+-------+---------
